 Dungeon Crawl Stone Soup version 0.19-a0-1738-gbb2db12 (webtiles) character file.

2096 Naow the Cleaver (level 9, -2/106 HPs)
             Began as a Minotaur Berserker on Oct 1, 2016.
             Was an Elder of Trog.
             Killed from afar by an orc wizard (5 damage)
             ... with a magic dart
             ... on level 7 of the Dungeon.
             The game lasted 00:13:58 (6242 turns).

Naow the Cleaver (Minotaur Berserker)               Turns: 6242, Time: 00:13:58

Health: -2/106     AC:  8    Str: 27    XL:     9   Next: 7%
Magic:  8/8        EV:  8    Int:  7    God:    Trog [****..]
Gold:   350        SH:  9    Dex: 10    Spells: 0 memorised, 8 levels left

rFire  + . .     SeeInvis +     a - +0 hand axe
rCold  x . .     Gourm    .     s - +0 scale mail
rNeg   . . .     Faith    .     D - +1 shield {reflect}
rPois  .         Spirit   .     (helmet restricted)
rElec  .         Dismiss  .     B - +0 cloak
rCorr  .         Reflect  +     y - +0 pair of gloves
MR     ++...     Harm     .     (no boots)
Stlth  ..........               G - amulet of magic regeneration
                                F - ring of fire
                                j - ring of see invisible

@: berserking (expiring), regenerating, very quick
A: retaliatory headbutt, horns 2
a: Berserk, Trog's Hand, Brothers in Arms, Burn Spellbooks, Renounce Religion


You were on level 7 of the Dungeon.
You worshipped Trog.
Trog was greatly pleased with you.
You were very hungry.

You visited 1 branch of the dungeon, and saw 7 of its levels.

You collected 350 gold pieces.

Inventory:

Hand Weapons
 a - a +0 hand axe (weapon)
Armour
 s - a +0 scale mail (worn)
 y - a +0 pair of gloves (worn)
 B - a +0 cloak (worn)
 D - a +1 shield of reflection (worn)
Jewellery
 j - a ring of see invisible (left hand)
 C - an uncursed ring of magical power
 F - a ring of fire (right hand)
 G - an amulet of magic regeneration (around neck)
Scrolls
 e - 2 scrolls of amnesia {unknown}
 f - 3 scrolls of remove curse
 k - 9 scrolls of identify {unknown}
 m - 2 scrolls of recharging {unknown}
 o - 2 scrolls of random uselessness {unknown}
 r - 2 scrolls of fog {unknown}
 w - a scroll of immolation {unknown}
 x - a scroll of noise {unknown}
 z - a scroll of fear {unknown}
 A - a scroll of enchant weapon {unknown}
 E - a scroll of teleportation {unknown}
Potions
 h - a potion of mutation {unknown}
 i - a potion of degeneration {unknown}
 l - 2 potions of heal wounds {unknown}
 n - a potion of haste {unknown}
 p - 4 potions of invisibility {unknown}
 q - 5 potions of lignification {unknown}
 u - 5 potions of curing {unknown}
Comestibles
 c - 3 bread rations
 d - a meat ration
 g - 2 royal jellies
 t - a beef jerky
 v - a slice of pizza


   Skills:
 - Level 3.8 Fighting
 + Level 13.9 Axes
 - Level 2.6 Armour
 - Level 2.1 Dodging


You had 8 spell levels left.
You didn't know any spells.

Dungeon Overview and Level Annotations

Branches:
Dungeon (7/15)             Temple (0/1) D:5

Altars:
Dithmenos
Makhleb
Sif Muna
Trog

Shops:
D:4 (   D:6 (


Innate Abilities, Weirdness & Mutations

You reflexively headbutt those who attack you in melee.
You have a pair of horns on your head.


Message History

You block the sky beast's attack.
You completely miss the orc wizard. Your headbutt misses the orc wizard.
The orc wizard is heavily wounded.
You barely miss the crimson imp. You closely miss the sky beast.
The orc wizard mumbles some strange words.
The orc wizard blinks!
The crimson imp blinks!
You slash the sky beast! Your headbutt misses the sky beast.
The sky beast is almost dead.
The orc warrior closely misses you.
You barely miss the sky beast. You headbutt the sky beast.
You kill the sky beast!
Trog accepts your kill.
The orc warrior hits you with a halberd!
* * * LOW HITPOINT WARNING * * *
Things that are here:
a hand axe; a leather armour You barely miss the orc warrior.
The orc wizard casts a spell at you. The magic dart hits you!
You die...

.... ##...
##....#
...... ### .#
#..%. .# .#
#....##.###.#
#[.o#.....#
#..@.#...##
##).ยง.o...#
##
#..#.....#...
#..........##
#...#5......#
###<........#
#.#..$#....
#.####.....
#.. .....


You could see an orc warrior, an orc wizard and a crimson imp.

Vanquished Creatures
  Pikel (D:4)
  A phantom (D:5)
  2 sky beasts
  3 ogres
  A centaur (D:5)
  A big kobold (D:4)
  3 scorpions
  3 crimson imps (D:5)
  A bullfrog zombie (D:5)
  A bullfrog skeleton (D:6)
  A hound (D:4)
  5 orc wizards
  3 orc priests
  Natasha (thrice) (D:3)
  2 worker ants
  A hound zombie (D:6)
  A gnoll (D:1)
  7 adders
  3 shadow imps
  An ooze (D:4)
  4 worms
  3 dart slugs
  4 leopard geckos
  15 orcs
  3 ball pythons
  9 bats
  4 giant cockroaches
  13 goblins
  4 hobgoblins
  15 jackals
  A quokka (D:3)
  6 frilled lizards
  11 kobolds
  A leopard gecko skeleton (D:6)
  A quokka zombie (D:5)
  15 rats
  2 plants (D:4)
155 creatures vanquished.

Vanquished Creatures (others)
  A leopard gecko (D:4)
1 creature vanquished.

Grand Total: 156 creatures vanquished

Notes
Turn   | Place    | Note
-------+----------+-------------------------------------------
     0 | D:1      | Naow the Minotaur Berserker began the quest for the Orb.
     0 | D:1      | Reached XP level 1. HP: 19/19 MP: 0/0
   140 | D:1      | Reached skill level 4 in Axes
   148 | D:1      | Reached XP level 2. HP: 27/27 MP: 1/1
   347 | D:1      | Reached XP level 3. HP: 30/33 MP: 2/2
   370 | D:1      | Reached ** piety under Trog
   370 | D:1      | Reached skill level 5 in Axes
   615 | D:1      | You fall through a shaft!
  1013 | D:2      | Found a faded altar of an unknown god.
  1089 | D:2      | Reached XP level 4. HP: 16/40 MP: 3/3
  1553 | D:2      | Reached skill level 6 in Axes
  2011 | D:3      | Found a shadowy altar of Dithmenos.
  2084 | D:3      | Noticed Natasha
  2090 | D:3      | Killed Natasha
  2090 | D:3      | Reached XP level 5. HP: 45/46 MP: 4/4
  2105 | D:3      | Reached *** piety under Trog
  2110 | D:3      | Noticed Natasha
  2116 | D:3      | Killed Natasha
  2116 | D:3      | Reached skill level 7 in Axes
  2123 | D:3      | Noticed Natasha
  2130 | D:3      | Killed Natasha
  2701 | D:3      | Found a deep blue altar of Sif Muna.
  2725 | D:3      | Reached skill level 8 in Axes
  2725 | D:3      | Reached XP level 6. HP: 28/52 MP: 5/5
  3259 | D:4      | Found Gonikap's Weapon Emporium.
  3260 | D:4      | Noticed a slave
  3261 | D:4      | Noticed a slave
  3262 | D:4      | Noticed Pikel
  3262 | D:4      | Noticed a slave
  3263 | D:4      | Noticed a slave
  3273 | D:4      | Reached skill level 9 in Axes
  3277 | D:4      | Killed Pikel
  3277 | D:4      | Reached skill level 11 in Axes
  3277 | D:4      | Reached XP level 7. HP: 42/58 MP: 6/6
  3756 | D:4      | Reached XP level 8. HP: 63/66 MP: 7/7
  3824 | D:5      | Entered Level 5 of the Dungeon
  3874 | D:5      | Reached **** piety under Trog
  3981 | D:5      | Reached skill level 12 in Axes
  4237 | D:5      | Found a staircase to the Ecumenical Temple.
  4304 | D:5      | Found a burning altar of Makhleb.
  5301 | D:6      | Reached skill level 13 in Axes
  5303 | D:6      | Found Nauppomokk's Weapon Shoppe.
  5837 | D:6      | Noticed a moth of wrath
  5840 | D:6      | Found a bloodstained altar of Trog.
  6231 | D:7      | Reached XP level 9. HP: 49/71 MP: 8/8
  6241 | D:7      | HP: 2/106 [orc warrior/halberd (16)]
  6242 | D:7      | Killed from afar by an orc wizard

Vault maps used:
D:1:      tarquinn_simple_flora_water_d, st_stairs_12
D:2:      ecumenical_altar_2, first_bread, hangedman_decor_opposing
D:3:      led_sif_book, grunt_dithmenos_smoke_and_mirrors, uniq_natasha
D:4:      serial_shops, nicolae_shop_waterfront, lexackson_kobold_supper,
          uniq_pikel
D:5:      basic_altar
D:6:      tgw_trog, serial_shops, nicolae_shop_stone, minmay_liquid_box,
          hangedman_abyss_or_decor_stagger
D:7:      elyvilon_altar_4, uniq_duvessa

Skill      XL: |  1  2  3  4  5  6  7  8 |
---------------+-------------------------+-----
Axes           | 4 5 6 8 11 13 | 13.9
Fighting       | |  3.8
Armour         | |  2.6
Dodging        | |  2.1

Action                   |  1- 3 |  4- 6 |  7- 9 || total
-------------------------+-------+-------+-------++-------
Melee: Hand axe          |    84 |   106 |   216 ||   406
       Headbutt          |     8 |    21 |    47 ||    76
Invok: Berserk           |       |     4 |     4 ||     8
       Trog's Hand       |       |     2 |     2 ||     4
  Use: Scroll            |       |       |     1 ||     1
 Stab: Sleeping          |       |     3 |       ||     3
  Eat: Chunk             |     1 |    10 |    14 ||    25
Armor: Animal skin       |    12 |    19 |     4 ||    35
       Scale mail        |       |       |    30 ||    30
Dodge: Dodged            |    69 |    59 |    68 ||   196
Block: Shield            |       |       |    22 ||    22
